 Dungeon Crawl Stone Soup version 0.25-a0-700-g7f8a7979f0 (webtiles) character file.

Game seed: 1535143675931279649, levelgen mode: deterministic

96 Iscandelvey the Charmwright (level 4, -1/35 HPs)
             Began as a Demonspawn Skald on Apr 2, 2020.
             Was an Initiate of Kikubaaqudgha.
             Killed from afar by an orc wizard (7 damage)
             ... with a magic dart
             ... on level 3 of the Dungeon.
             The game lasted 00:03:52 (2258 turns).

Iscandelvey the Charmwright (Demonspawn Skald)      Turns: 2258, Time: 00:03:53

Health: -1/35      AC:  7    Str: 11    XL:     4   Next: 41%
Magic:  5/7        EV:  9    Int: 10    God:    Kikubaaqudgha [......]
Gold:   171        SH:  0    Dex: 13    Spells: 2/7 levels left

rFire    . . .     SeeInvis .   a - +0 spear
rCold    . . .     Gourm    .   (no shield)
rNeg     . . .     Faith    .   k - +0 scale mail (curse)
rPois    .         Spirit   .   (no helmet)
rElec    .         Reflect  .   (no cloak)
rCorr    .         Harm     .   (no gloves)
MR       .....                  (no boots)
Stlth    +.........             r - amulet of the acrobat
HPRegen  0.11/turn              c - -5 ring of intelligence (curse)
MPRegen  0.10/turn              (no ring)

@: very slightly contaminated
A: rugged brown scales 1, nightstalker 1
a: Renounce Religion


You were on level 3 of the Dungeon.
You worshipped Kikubaaqudgha.
Kikubaaqudgha was noncommittal.
You were hungry.

You visited 1 branch of the dungeon, and saw 3 of its levels.

You collected 171 gold pieces.

Inventory:

Hand Weapons
 a - a +0 spear (weapon)
Missiles
 l - 7 poisoned darts (quivered)
Armour
 b - a +0 leather armour
 k - a cursed +0 scale mail (worn)
Jewellery
 c - a cursed -5 ring of intelligence (left hand)
 r - an amulet of the acrobat (around neck)
Wands
 s - a wand of polymorph (7)
Scrolls
 e - 3 scrolls of fear {unknown}
 f - 2 scrolls of remove curse {unknown}
 j - a scroll of magic mapping {unknown}
 n - a scroll of enchant armour {unknown}
 o - 3 scrolls of identify {unknown}
 q - a scroll of teleportation {unknown}
Potions
 g - 2 potions of brilliance {unknown}
 h - a potion of ambrosia {unknown}
 i - 3 potions of curing {unknown}
 p - a potion of flight {unknown}
 t - a potion of lignification {unknown}
Comestibles
 d - 6 rations
 m - 2 chunks of flesh


   Skills:
 + Level 2.7 Fighting
 + Level 2.8 Polearms
 + Level 1.4 Armour
 + Level 1.9 Dodging
 + Level 0.5 Stealth
 + Level 2.4 Spellcasting
 + Level 3.0 Charms


You had 2 spell levels left.
You knew the following spells:

 Your Spells              Type           Power        Failure   Level  Hunger
a - Infusion              Chrm           #...         45%         1    ##.....
b - Shroud of Golubria    Chrm/Tloc      #.....       82%         2    ###....
c - Song of Slaying       Chrm           #.......     61%         2    ###....

Your spell library contained the following spells:

 Spells                   Type           Power        Failure   Level  Hunger
 Magic Dart               Conj           #...         87%         1    ##.....
 Blink                    Tloc           N/A          95%         2    ###....
 Call Imp                 Summ           #.......     95%         2    ###....
 Slow                     Hex            #.......     95%         2    ###....
 Ozocubu's Armour         Chrm/Ice       #.......     96%         3    ####...
 Spectral Weapon          Hex/Chrm       #.......     96%         3    ####...
 Conjure Flame            Conj/Fire      #.......     99%         3    ####...
 Mephitic Cloud           Conj/Pois/Air  #.......     99%         3    ####...


Dungeon Overview and Level Annotations

Branches:
Dungeon (3/15)

Altars:
Fedhas
Hepliaklqana
Kikubaaqudgha
Ru


Innate Abilities, Weirdness & Mutations

You are partially covered in rugged brown scales. (AC +1, +3% HP)
You are slightly more attuned to the shadows.


Message History

The puff of flame hits you!
* * * LOW HITPOINT WARNING * * *
The orc wizard gestures at you while chanting.
The puff of flame hits you.
* * * LOW HITPOINT WARNING * * *
You hit the orc wizard.
The orc wizard is almost dead.
The orc wizard hits you but does no damage.
You hit the orc wizard but do no damage.
The orc wizard is almost dead.
The orc wizard barely misses you. x2
You miss the orc wizard.
The orc wizard is almost dead.
The orc wizard barely misses you.
You hit the orc wizard but do no damage.
The orc wizard is almost dead.
The orc wizard points at you and mumbles some strange words.
The magic dart hits you!
You die...
Kikubaaqudgha rasps: "You have failed me!
Welcome... death!"

.. o. g.. ######### #)#
........####.##.#
##########....)..... .
######....@os........## ..
.........###o...##(...###..
....._......#######.....#.
###._8_....<...# ##.#....
.#####...._.........#####.#....
..............................#
....................#####.#...#
####.....###.......# #...###
###..<......#.......# ###.#


You could see an orc wizard, an orc and a giant cockroach.

Vanquished Creatures
  3 adders
  An adder skeleton (D:3)
  3 worms
  A dart slug (D:1)
  2 leopard geckos
  A giant cockroach (D:2)
  6 goblins
  9 hobgoblins
  3 jackals (D:2)
  4 bats
  3 frilled lizards
  7 kobolds
  10 rats
53 creatures vanquished.

Notes
Turn   | Place    | Note
-------+----------+-------------------------------------------
     0 | D:1      | Iscandelvey the Demonspawn Skald began the quest for the
                  | Orb.
     0 | D:1      | Reached XP level 1. HP: 16/16 MP: 3/3
   238 | D:1      | Gained mutation: You are slightly more attuned to the
                  | shadows. [demonic ancestry]
   238 | D:1      | Reached XP level 2. HP: 17/22 MP: 5/5
   620 | D:1      | Reached skill level 3 in Charms
   899 | D:1      | Reached XP level 3. HP: 13/28 MP: 0/6
  1166 | D:2      | Reached skill level 1 in Armour
  1415 | D:2      | Learned a level 2 spell: Shroud of Golubria
  1418 | D:2      | Learned a level 2 spell: Song of Slaying
  1736 | D:2      | Gained mutation: You are partially covered in rugged brown
                  | scales. (AC +1, +3% HP) [demonic ancestry]
  1736 | D:2      | Reached XP level 4. HP: 25/35 MP: 7/7
  2143 | D:3      | Found an ancient bone altar of Kikubaaqudgha.
  2144 | D:3      | Found a hazy altar of Hepliaklqana.
  2144 | D:3      | Found a blossoming altar of Fedhas.
  2145 | D:3      | Found a sacrificial altar of Ru.
  2200 | D:3      | Became a worshipper of Kikubaaqudgha
  2258 | D:3      | Killed from afar by an orc wizard

Levels and vault maps discovered:
D:1:      saegor_arrival_simple_d, layout_basic, minmay_unequal
D:2:      layout_basic, first_ration, hangedman_decor_points
D:3:      layout_rooms, chequers_temple_overflow_statue_of_worship

Skill      XL: |  1  2  3 |
---------------+----------+-----
Polearms       | 2 |  2.8
Charms         | 3 |  3.0
Armour         | 1 |  1.4
Fighting       | |  2.7
Dodging        | |  1.9
Stealth        | |  0.5
Spellcasting   | |  2.4

Action                   |  1- 3 |  4- 6 || total
-------------------------+-------+-------++-------
Melee: Spear             |   154 |   112 ||   266
 Cast: Infusion          |     2 |       ||     2
 Stab: Distracted        |     1 |       ||     1
       Sleeping          |     1 |       ||     1
  Eat: Chunk             |     3 |     1 ||     4
Armor: Leather armour    |     6 |       ||     6
       Scale mail        |    34 |    62 ||    96
Dodge: Dodged            |    60 |    50 ||   110

Table legend:
 A = Non-vault XP
 B = Vault XP
 C = Vault XP percentage of total XP
 D = Non-vault monster count
 E = Vault monster count
 F = Vault count percentage of total count
                 A         B        C        D         E       F
            +---------+---------+-------+---------+---------+-------
      Total |     136 |       2 |   1.4 |      52 |       1 |   1.9
            +---------+---------+-------+---------+---------+-------
        D:1 |      38 |       2 |   5.0 |      21 |       1 |   4.5
        D:2 |      68 |       0 |   0.0 |      21 |       0 |   0.0
        D:3 |      30 |       0 |   0.0 |      10 |       0 |   0.0
            +---------+---------+-------+---------+---------+-------
